 Dungeon Crawl Stone Soup version 0.29-a0-483-g69413ace17 (webtiles) character file.

Game seed: 3940714312755718305

15 Hubjo the Firebug (level 2, -2/16 HPs)
             Began as a Deep Elf Fire Elementalist on May 25, 2022.
             Was a Follower of Nemelex Xobeh.
             Slain by a goblin
             ... wielding a +0 club
              (4 damage)
             ... on level 1 of the Dungeon.
             The game lasted 00:00:33 (974 turns).

Hubjo the Firebug (Deep Elf Fire Elementalist)       Turns: 974, Time: 00:00:34

Health: -2/16      AC:  2    Str:  5    XL:     2   Next: 34%
Magic:  7/8        EV: 12    Int: 19    God:    Nemelex Xobeh [*.....]
Gold:   61         SH:  0    Dex: 15    Spells: 6/7 levels left

rFire   . . .      SeeInvis .   (no weapon)
rCold   . . .      Faith    .   (no shield)
rNeg    . . .      Spirit   .   a - +0 robe
rPois   .          Reflect  .   (no helmet)
rElec   .          Harm     .   (no cloak)
rCorr   .          Rampage  .   (no gloves)
Will    .....                   (no boots)
Stlth   ++........              (no amulet)
HPRegen 0.05/turn               (no ring)
MPRegen 0.11/turn               (no ring)

@: no status effects
A: no striking features
a: Renounce Religion, Draw Escape, Draw Destruction, Draw Summoning


You were on level 1 of the Dungeon.
You worshipped Nemelex Xobeh.
Nemelex Xobeh was aware of your devotion.
You visited 1 branch of the dungeon, and saw 1 of its levels.

You collected 61 gold pieces.

Inventory:

Armour
 a - a +0 robe (worn)
Scrolls
 c - a scroll of immolation {unknown}
 e - a scroll of teleportation {unknown}
Potions
 b - a potion of magic
 d - a potion of curing {unknown}


   Skills:
 * Level 0.9 Fighting
 - Level 2.4 Dodging
 + Level 2.7 Stealth
 + Level 3.3 Spellcasting
 - Level 1.1 Conjurations
 + Level 3.4 Fire Magic


You had 6 spell levels left.
You knew the following spells:

 Your Spells              Type           Power      Damage    Failure   Level
a - Foxfire               Conj/Fire      44%        2x1d6     6%          1

Your spell library contained the following spells:

 Spells                   Type           Power      Damage    Failure   Level
 Scorch                   Fire           32%        2d7       5%          2
 Conjure Flame            Conj/Fire      11%        6-21      17%         3
 Inner Flame              Hex/Fire       9%         N/A       22%         3
 Flame Wave               Conj/Fire      11%        2d5       50%         4


Dungeon Overview and Level Annotations

Branches:
Dungeon (1/15)

Altars:
Nemelex Xobeh

Shops:
D:1 (


Message History

Moving in this stuff is going to be slow.
A kobold comes into view. It is wielding a +0 whip.
Your foxfire dissipates!
You see here a gold piece.
There is a faded altar of an unknown god here.
You see here a gold piece.
You cannot tell which god this altar belongs to.
Convert to them anyway?
Nemelex Xobeh accepts your prayer! Nemelex Xobeh welcomes you!
You can now draw from decks of power.
Nemelex will now gift you decks of power as you gain piety.
The kobold shouts!
You hear a shout!
The kobold closely misses you.
The kobold splashes around in the water.
A goblin comes into view. It is wielding a +0 club.
The kobold splashes around in the water.
The kobold misses you. The kobold barely misses you.
The kobold closely misses you. The kobold closely misses you.
The kobold hits you with a +0 whip. The kobold hits you with a +0 whip.
The kobold splashes around in the water.
The kobold barely misses you.
The goblin shouts!
The kobold hits you with a +0 whip. The kobold barely misses you.
The kobold hits you with a +0 whip.
* * * LOW HITPOINT WARNING * * *
The kobold barely misses you. The kobold barely misses you.
The goblin splashes around in the water.
The kobold barely misses you. The goblin completely misses you.
The kobold barely misses you. The goblin hits you with a +0 club.
* * * LOW HITPOINT WARNING * * *
The kobold closely misses you. The goblin hits you with a +0 club.
You die...
Your body disappears without a glow.

#. .. #..#. #....
##.#.# ##+##
#..#.#####. ##...##
#.......... ##.....#
#.Kg$..## ##.......
#.≈@≈...####[.......
#.≈≈$......'........
#.......####........
###.#..## ##.......
#..>## ##.....#
##.## ##...## #.#
##+## #.# #.#


You could see a goblin and a kobold.

Vanquished Creatures
  A dart slug (D:1)
  2 endoplasms (D:1)
  A giant cockroach (D:1)
  2 hobgoblins (D:1)
  2 kobolds (D:1)
  A bat (D:1)
  4 rats (D:1)
13 creatures vanquished.

Vanquished Creatures (others)
  83 foxfires (D:1)
83 creatures vanquished.

Grand Total: 96 creatures vanquished

Notes
Turn   | Place    | Note
-------+----------+-------------------------------------------
     0 | D:1      | Hubjo the Deep Elf Fire Elementalist began the quest for
                  | the Orb.
     0 | D:1      | Reached XP level 1. HP: 10/10 MP: 6/6
   650 | D:1      | Reached XP level 2. HP: 16/16 MP: 5/8
   826 | D:1      | Found Aseagy's Weapon Boutique.
   921 | D:1      | Found a faded altar of an unknown god.
   944 | D:1      | Prayed at the altar of an unknown god.
   944 | D:1      | Became a worshipper of Nemelex Xobeh the Trickster
   944 | D:1      | Reached * piety under Nemelex Xobeh
   974 | D:1      | Slain by a goblin

Illustrated notes

Levels and vault maps discovered:
D:1:      matt_arrival_grand_opening, layout_loops_corners,
          hellmonk_ecumenical_altar_pennies_from_heaven, serial_shops, shop

Action                   || total
-------------------------++-------
 Cast: Foxfire           ||    60
Dodge: Dodged            ||    19

Table legend: (Time is in decaauts)
 A = Elapsed time spent in this place.
 B = Non-inter-level travel time spent in this place.
 C = Inter-level travel time spent in this place.
 D = Time resting spent in this place.
 E = Time spent auto-exploring this place.
 F = Levels seen in this place.
 G = Mean time per level.
                   A        B        C        D        E       F      G
               +--------+--------+--------+--------+--------+-----+--------+
         Total |    975 |    975 |      0 |      0 |    827 |   1 |  975.0 |
       Dungeon |    975 |    975 |      0 |      0 |    827 |   1 |  975.0 |
               +--------+--------+--------+--------+--------+-----+--------+

Top non-repeatable levels by time:
     D:1: 975 daAuts
